2443 views
Uploaded 2021-08-16 01:50:45
Game version 1.32.10
10:05 long 1on1 ladder game on (4)TurtleRock
Saved by aom
2443 views
Uploaded 2021-08-16 01:50:45
Game version 1.32.10
10:05 long 1on1 ladder game on (4)TurtleRock

21 units @ 2.5k
/ 0.2k
9 buildings @ 1.5k
/ 0.4k


| Healing Salve | 2 | 200 |
| Lesser Clarity Potion | 2 | 140 |
| Scroll of Speed | 2 | 100 |
| Circlet of Nobility | 3 | 525 |
| total: | 9 | 965g |
| Peon | 9 | 675 | / | 0 |
| Grunt | 4 | 800 | / | 0 |
| Shaman | 5 | 650 | / | 100 |
| Troll Headhunter | 3 | 420 | / | 60 |
| total: | 21 | 2545g | / | 160w |
| Altar of Storms | 1 | 180 | / | 50 |
| Orc Burrow | 4 | 640 | / | 160 |
| Voodoo Lounge | 1 | 130 | / | 30 |
| Barracks | 1 | 180 | / | 50 |
| War Mill | 1 | 205 | / | 0 |
| Spirit Lodge | 1 | 150 | / | 150 |
| Stronghold | 1 | 315 | / | 190 |
| Fortress | 1 | 325 | / | 190 |
| total: | 9 | 1485g | / | 440w |
| 0:02 | Altar of Storms |
| 0:02 | Peon |
| 0:12 | Peon |
| 0:15 | Orc Burrow |
| 0:19 | Peon |
| 0:36 | Peon |
| 0:52 | Voodoo Lounge |
| 0:54 | Peon |
| 0:54 | Peon |
| 0:56 | Peon |
| 1:25 | Peon |
| 1:45 | Peon |
| 2:02 | Healing Salve |
| 2:03 | Healing Salve |
| 2:03 | Lesser Clarity Potion |
| 2:03 | Scroll of Speed |
| 2:03 | Lesser Clarity Potion |
| 2:03 | Scroll of Speed |
| 2:06 | Stronghold |
| 2:09 | Wind Walk |
| 2:20 | Circlet of Nobility |
| 2:20 | Circlet of Nobility |
| 2:37 | Barracks |
| 3:22 | Orc Burrow |
| 3:43 | Grunt |
| 3:48 | War Mill |
| 3:51 | Critical Strike |
| 4:38 | Grunt |
| 4:52 | Spirit Lodge |
| 4:59 | Circlet of Nobility |
| 5:14 | Orc Burrow |
| 5:35 | Hex |
| 5:43 | Berserker Strength |
| 5:46 | Steel Melee Weapons |
| 6:04 | Fortress |
| 6:10 | Shaman |
| 6:27 | Grunt |
| 6:31 | Critical Strike |
| 6:48 | Shaman Adept Training |
| 7:27 | Healing Wave |
| 7:32 | Grunt |
| 7:33 | Shaman |
| 8:03 | Orc Burrow |
| 8:18 | Shaman |
| 8:40 | Berserker Upgrade |
| 8:40 | Troll Headhunter |
| 8:41 | Troll Headhunter |
| 8:41 | Troll Headhunter |
| 8:43 | Shaman Master Training |
| 8:43 | Shaman |
| 9:13 | Shaman |
| 9:18 | Healing Wave |
| 9:24 | Steel Ranged Weapons |
| 9:31 | Wind Walk |
| Right click | 231 |
| Select group | 187 |
| Select | 147 |
| Build/train/purchase | 74 |
| Assign group | 18 |
| Use ability | 18 |
| Chat | 4 |
| Esc | 3 |
| Item give/drop | 2 |
9 units @ 1.2k
/ 0.1k
8 buildings @ 1.3k
/ 0.3k


| Rod of Necromancy | 3 | 450 |
| Orb of Corruption | 1 | 375 |
| total: | 4 | 825g |
| Acolyte | 2 | 150 | / | 0 |
| Ghoul | 5 | 600 | / | 0 |
| Crypt Fiend | 2 | 430 | / | 80 |
| total: | 9 | 1180g | / | 80w |
| Nerubian Tower | 2 | 200 | / | 40 |
| Altar of Darkness | 1 | 180 | / | 50 |
| Ziggurat | 4 | 600 | / | 200 |
| Crypt | 1 | 200 | / | 50 |
| Tomb of Relics | 1 | 130 | / | 30 |
| Graveyard | 1 | 215 | / | 0 |
| Halls of the Dead | 1 | 320 | / | 210 |
| Black Citadel | 1 | 325 | / | 230 |
| total: | 8 | 1325g | / | 330w |
| 0:03 | Acolyte |
| 0:04 | Altar of Darkness |
| 0:05 | Ziggurat |
| 0:12 | Acolyte |
| 0:30 | Crypt |
| 0:55 | Tomb of Relics |
| 1:16 | Graveyard |
| 1:32 | Ghoul |
| 1:36 | Ghoul |
| 2:03 | Rod of Necromancy |
| 2:05 | Sleep |
| 2:38 | Halls of the Dead |
| 3:06 | Nerubian Tower |
| 3:32 | Ghoul |
| 3:33 | Ghoul |
| 3:41 | Unholy Strength |
| 3:43 | Ziggurat |
| 4:19 | Ziggurat |
| 4:22 | Ghoul |
| 4:23 | Cannibalize |
| 5:23 | Vampiric Aura |
| 5:29 | Black Citadel |
| 5:57 | Nerubian Tower |
| 6:05 | Crypt Fiend |
| 6:14 | Ziggurat |
| 6:29 | Rod of Necromancy |
| 6:32 | Death Coil |
| 6:49 | Crypt Fiend |
| 7:57 | Ghoul Frenzy |
| 8:31 | Creature Attack |
| 8:47 | Rod of Necromancy |
| 8:59 | Orb of Corruption |
| 9:37 | Unholy Aura |
| Select group | 252 |
| Right click | 244 |
| Select | 194 |
| Misc. action | 45 |
| Build/train/purchase | 36 |
| Assign group | 23 |
| Use ability | 16 |
| Chat | 3 |
| Item give/drop | 2 |
| Minimap ping | 1 |